 Dungeon Crawl Stone Soup version 0.31-a0-236-g9a0961fb85 (webtiles) character file.

Game seed: 7468825975884864567

476 qw the Shooter (level 6, -9/52 HPs)
             Began as a Minotaur Hexslinger on July 10, 2023.
             Mangled by an ogre
             ... wielding a +0 giant club
              (14 damage)
             ... on level 4 of the Dungeon.
             The game lasted 00:01:05 (2864 turns).

qw the Shooter (Minotaur Hexslinger)                Turns: 2864, Time: 00:01:05

Health: -9/52      AC:  4    Str: 17    XL:     6   Next: 85%
Magic:  6/6        EV: 12    Int: 10    God:
Gold:   170        SH:  0    Dex: 14    Spells: 6/7 levels left

rFire   . . .        Y - +1 sling
rCold   . . .        (no shield)
rNeg    . . .        g - +1 leather armour of Oridwecw {*Slow rPois Str+4}
rPois   +            (helmet restricted)
rElec   .            (no cloak)
rCorr   .            (no gloves)
SInv    .            (no boots)
Will    .....        (no amulet)
Stlth   +            (no ring)
HPRegen 0.28/turn    (no ring)
MPRegen 0.10/turn

%: slow self (1%)
@: no status effects
A: horns 2, retaliatory headbutt
a: no special abilities


You were on level 4 of the Dungeon.
You visited 1 branch of the dungeon, and saw 4 of its levels.

You collected 170 gold pieces.


Innate Abilities, Weirdness & Mutations

You have a pair of horns on your head.
You reflexively headbutt those who attack you in melee.


   Skills:
 - Level 4.1 Fighting
 + Level 7.3 Ranged Weapons
 - Level 2.1 Dodging
 - Level 1.0 Spellcasting
 - Level 2.0 Hexes


You had 6 spell levels left.
You knew the following spells:

 Your Spells              Type           Power      Damage    Failure   Level
a - Slow                  Hex            16%        N/A       19%         1

Your spell library contained the following spells:

 Spells                   Type           Power      Damage    Failure   Level
 Inner Flame              Hex/Fire       2%         N/A       63%         3
 Portal Projectile        Hex/Tloc       4%         N/A       63%         3
 Cause Fear               Hex            2%         N/A       88%         4

Inventory:

Hand Weapons
 Y - a +1 sling (weapon)
Armour
 a - a +0 ring mail
 b - a scarf of harm
 d - a +0 pair of gloves
 g - the +1 leather armour of Oridwecw (worn) {*Slow rPois Str+4}
   (You found it on level 2 of the Dungeon)

   Str:       It affects your strength (+4).
   rPois:     It protects you from poison.
   *Slow:     It may slow you when you take damage.
Scrolls
 f - a scroll of identify
 i - a scroll of revelation {unknown}
 j - a scroll of enchant weapon {unknown}
Potions
 c - a potion of haste {unknown}
 e - a potion of enlightenment
 h - a potion of ambrosia {unknown}

Dungeon Overview and Level Annotations

Branches:
Dungeon (4/15)
 Temple: D:4-7

Altars:
Cheibriados
Dithmenos
Fedhas
Nemelex Xobeh
Ru
Vehumet
Wu Jian

Annotations:
D:4 1 runed translucent door, qw's ghost, amateur GrHs


Message History

The gnoll bouda shouts!
The orc shouts!
The centaur shouts!
You hear an angry hiss.
An ogre and an endoplasm come into view.
The endoplasm quivers.
Enter note:
Enter note:
Enter note:
Enter note:
Enter note:
Enter note:
Enter note:
Enter note:
Enter note: You shoot a sling bullet.
The sling bullet hits the endoplasm.
The endoplasm is severely wounded.
You shoot a sling bullet. The sling bullet hits the endoplasm.
You kill the endoplasm!
You shoot a sling bullet. The sling bullet hits the ogre.
The ogre is moderately wounded.
You shoot a sling bullet. The sling bullet hits the ogre!
The ogre is heavily wounded.
The ogre hits you with a +0 giant club!!
You shoot a sling bullet.
The sling bullet barely misses the ogre.
The ogre misses you.
You shoot a sling bullet. The sling bullet hits the ogre.
The ogre is severely wounded.
You hear a shout!
A kobold comes into view. It is wielding a +0 whip.
You hear a shout!
You shoot a sling bullet. The sling bullet hits the ogre.
The ogre is severely wounded.
You hear a shout!
You hear an angry hiss.
The ogre hits you with a +0 giant club!!
You hear a shout!
You shoot a sling bullet. The sling bullet hits the ogre.
The ogre is almost dead.
The ogre hits you with a +0 giant club!
You die... ##.##.# ### # #.##.#### ##.##.# #.. .# #.##.# ##.##.## #go

#c #.##.# )).....# ########
###.##.# ##.##..# #......#
.. #.##.# #...#..# #.#..#.#
.# #.##.# #.#....# #..##..#
.# #.##.#
#...#..####..##..#K#.#.##.#
..........#.#..#@O.....##.#
.#####.##.......^#######..#
.# #.########### #<#..# .#
#.# #...## .#####.#
##.####### .......# #.#
#...# ######.# #.# #...# #
#.# #.###...### # #.#
#..........


You could see an ogre and a kobold.

Vanquished Creatures
  An ice beast (D:4)
  A scorpion (D:4)
  2 wights (D:4)
  2 orc priests (D:4)
  An iguana (D:4)
  An orc wizard (D:4)
  2 adders (D:4)
  2 dart slugs
  12 orcs
  5 bats
  5 endoplasms
  A giant cockroach (D:1)
  6 goblins
  6 hobgoblins
  11 jackals
  5 quokkas
  4 ball pythons
  3 frilled lizards
  7 kobolds
  2 rats
79 creatures vanquished.

Notes
Turn   | Place    | Note
-------+----------+-------------------------------------------
     0 | D:1      | qw the Minotaur Hexslinger began the quest for the Orb.
     0 | D:1      | Reached XP level 1. HP: 16/16 MP: 1/1
     0 | D:1      | 0 ||| qw: Version: 0.3-a-52-g30416fa
     0 | D:1      | 0 ||| qw: Game counter: 4671
     0 | D:1      | 0 ||| qw: Melee chars always use a shield: true
     0 | D:1      | 0 ||| qw: God list: Okawaru
     0 | D:1      | 0 ||| qw: Allow faded altars: false
     0 | D:1      | 0 ||| qw: Do Orc after clearing Dungeon:15 true
     0 | D:1      | 0 ||| qw: Do second Lair branch before Depths: true
     0 | D:1      | 0 ||| qw: Lair rune preference: random
     0 | D:1      | 0 ||| qw: Goals: Normal
     0 | D:1      | 0 ||| PLANNING D:1-11
   165 | D:1      | Reached skill level 3 in Ranged Weapons
   181 | D:1      | Reached XP level 2. HP: 22/23 MP: 2/2
   288 | D:1      | 288 ||| READING scroll labelled CAIHAHE SOALIA.
   289 | D:1      | 289 ||| DROPPING scroll of poison.
   818 | D:1      | 818 ||| READING scroll labelled SIOHEL TEOLU.
   955 | D:2      | Reached XP level 3. HP: 29/29 MP: 3/3
  1139 | D:2      | Identified the +1 leather armour of Oridwecw {*Slow rPois
                  | Str+4}
  1200 | D:2      | 1200 ||| UPGRADING to +0 ring mail.
  1210 | D:2      | 1210 ||| DROPPING +0 robe.
  1211 | D:2      | 1211 ||| UPGRADING to +1 leather armour of Oridwecw {*Slow
                  | rPois Str+4}.
  1221 | D:2      | 1221 ||| READING 3 scrolls labelled DELOPLOE XORGH.
  1226 | D:2      | 1226 ||| READING scroll labelled JEOMNI HOWOXU.
  1227 | D:2      | 1227 ||| DRINKING 2 fuming golden potions.
  1304 | D:3      | Reached skill level 4 in Ranged Weapons
  1839 | D:3      | 1839 ||| READING 2 scrolls labelled IGRIUP RETYORPH.
  1840 | D:3      | 1840 ||| READING scroll labelled ATITEPH LUSAEF.
  1841 | D:3      | 1841 ||| DRINKING 2 sapphire potions.
  1869 | D:4      | 1869 ||| PLANNING OSSUARY
  1921 | D:4      | 1921 ||| Stepping ~*~*~tactically~*~*~ (outnumbered).
  1926 | D:4      | Reached XP level 4. HP: 25/36 MP: 4/4
  1934 | D:4      | HP: 9/36 [orc/+0 mace (2)]
  1935 | D:4      | Reached skill level 5 in Ranged Weapons
  1935 | D:4      | 1935 ||| READING 2 scrolls of teleportation.
  1936 | D:4      | 1936 ||| DRINKING potion of heal wounds.
  1994 | D:4      | Identified the +7 plate armour of the Curious Planets
                  | {MP+9}
  2009 | D:4      | Reached skill level 3 in Fighting
  2009 | D:4      | Reached XP level 5. HP: 45/45 MP: 5/5
  2031 | D:4      | HP: 10/41 [wight/+3 dagger (6)]
  2032 | D:4      | 2032 ||| READING scroll of teleportation.
  2105 | D:4      | HP: 11/45 [jackal (3)]
  2107 | D:4      | HP: 2/45 [scorpion (6)]
  2109 | D:4      | Reached skill level 6 in Ranged Weapons
  2109 | D:4      | Reached XP level 6. HP: 2/51 MP: 6/6
  2295 | D:4      | Found a sacrificial altar of Ru.
  2296 | D:4      | Found an ornate altar of the Wu Jian Council.
  2301 | D:4      | Found a snail-covered altar of Cheibriados.
  2301 | D:4      | Found a sparkling altar of Nemelex Xobeh.
  2301 | D:4      | Found a blossoming altar of Fedhas.
  2302 | D:4      | Found a shadowy altar of Dithmenos.
  2308 | D:4      | Found a radiant altar of Vehumet.
  2413 | D:4      | 2413 ||| Stepping ~*~*~tactically~*~*~ (outnumbered).
  2489 | D:4      | Found a runed translucent door.
  2490 | D:4      | Noticed qw's ghost (amateur GrHs)
  2594 | D:4      | 2594 ||| RIP OSSUARY
  2595 | D:4      | 2595 ||| PLANNING D:1-11
  2617 | D:4      | Noticed an ice beast
  2635 | D:4      | Killed an ice beast
  2636 | D:4      | Reached skill level 7 in Ranged Weapons
  2863 | D:4      | HP: 5/52 [ogre/+0 giant club (25)]
  2864 | D:4      | Mangled by an ogre

Levels and vault maps discovered:
D:1:      dpeg_arrival_stonehenge_8_columns, layout_loops_corners,
          nicolae_the_louvre
D:2:      layout_rooms
D:3:      layout_basic
D:4:      minmay_clustersquares, layout_loops_ring, grunt_temple_overflow_open,
          enter_ossuary_2, ebering_ghost_sewer_d

Skill      XL: |  1  2  3  4  5  6 |
---------------+-------------------+-----
Ranged Weapons | 3 4 5 6 7 |  7.3
Fighting       | 2 3 4 |  4.1
Dodging        | |  2.1
Spellcasting   | |  1.0
Hexes          | |  2.0

Action                     |  1- 3 |  4- 6 || total
---------------------------+-------+-------++-------
   Fire: Sling             |   114 |   142 ||   256
    Use: Scroll            |     6 |     2 ||     8
         Potion            |     2 |     1 ||     3
 Armour: Robe              |     9 |       ||     9
         Leather armour    |       |    18 ||    18
  Dodge: Dodged            |    20 |    85 ||   105

Table legend:
 A = Non-vault XP
 B = Vault XP
 C = Vault XP percentage of total XP
 D = Non-vault monster count
 E = Vault monster count
 F = Vault count percentage of total count
                 A         B        C        D         E       F
            +---------+---------+-------+---------+---------+-------
      Total |     679 |       2 |   0.3 |      78 |       1 |   1.3
            +---------+---------+-------+---------+---------+-------
        D:1 |      33 |       0 |   0.0 |      20 |       0 |   0.0
        D:2 |      26 |       0 |   0.0 |      15 |       0 |   0.0
        D:3 |      16 |       0 |   0.0 |       9 |       0 |   0.0
        D:4 |     604 |       2 |   0.3 |      34 |       1 |   2.9
            +---------+---------+-------+---------+---------+-------
